MID
LANSING LUGNUTS @ LAKE COUNTY CAPTAINS
08/23/2099
 
TOP OF THE 1ST
Lansing Lugnuts batting - Pitching for Lake County Captains : RHP Steve Ardan
Pitching: RHP Steve Ardan
Batting: LHB Hugh McPhearson 0-0: Ball
1-0: Ball
2-0: Ball
3-0: Base on Balls
Batting: SHB Miguel Dominguez 0-0: Foul Ball, location: 2F
0-1: Called Strike
0-2: Foul Ball, location: 2F
0-2: Strikes out swinging
Batting: LHB Jon Kuduk 0-0: Ball
1-0: Foul Ball, location: 2F
1-1: Ball
2-1: Called Strike
2-2: Ground out 4-3 (Groundball, 4M, EV 97.5 MPH)
Hugh McPhearson to second
Batting: RHB Jason McLaughlin 0-0: Called Strike
0-1: Called Strike
0-2: Ground out U3 (Groundball, 34, EV 101.9 MPH)
Top of the 1st over - 0 runs, 0 hits, 0 errors, 1 left on base; Lansing 0 - Lake County 0
BOTTOM OF THE 1ST
Lake County Captains batting - Pitching for Lansing Lugnuts : RHP Tim Dorsey
Pitching: RHP Tim Dorsey
Batting: RHB Justin Stevenson 0-0: Foul Ball, location: 3F
0-1: Foul Ball, location: 9LSF
0-2: Ground out 3-1 (Groundball, 34, EV 89.4 MPH)
Batting: SHB Collin Hays 0-0: Foul Ball, location: 7LMF
0-1: Ball
1-1: Swinging Strike
1-2: Foul Ball, location: 2F
1-2: Foul Ball, location: 5FF
1-2: Strikes out swinging
Batting: LHB Max Schmidt 0-0: Ball
1-0: Foul Ball, location: 2F
1-1: Fly out, F7 (Flyball, 7S, EV 96.3 MPH)
Bottom of the 1st over - 0 runs, 0 hits, 0 errors, 0 left on base; Lansing 0 - Lake County 0
TOP OF THE 2ND
Lansing Lugnuts batting - Pitching for Lake County Captains : RHP Steve Ardan
Batting: LHB Danny Crane 0-0: Called Strike
0-1: Foul Ball, location: 2F
0-2: Foul Ball, location: 7LSF
0-2: Ground out 6-3 (Groundball, 6, EV 107.5 MPH)
Batting: RHB Angel Contreras 0-0: Called Strike
0-1: Called Strike
0-2: Strikes out swinging
Batting: LHB Alex Rangel 0-0: Called Strike
0-1: Foul Ball, location: 7LMF
0-2: Ball
1-2: Ball
2-2: Foul Ball, location: 3DF
2-2: Fly out, F8 (Flyball, 8LD, EV 96.3 MPH)
Top of the 2nd over - 0 runs, 0 hits, 0 errors, 0 left on base; Lansing 0 - Lake County 0
BOTTOM OF THE 2ND
Lake County Captains batting - Pitching for Lansing Lugnuts : RHP Tim Dorsey
Batting: RHB Wayne Davis 0-0: Ball
1-0: Ball
2-0: Foul Ball, location: 2F
2-1: Called Strike
2-2: Foul Ball, location: 25FF
2-2: Foul Ball, location: 9LMF
2-2: Fly out, F8 (Flyball, 8LM, EV 80.6 MPH)
Batting: RHB Izzy Franco 0-0: Called Strike
0-1: Swinging Strike
0-2: Ball
1-2: Hit by Pitch
Batting: RHB Jesus Sanchez 0-0: Swinging Strike
0-1: Called Strike
0-2: Ball
1-2: Fly out, F4 (Line Drive, 4M, EV 72.5 MPH)
Batting: RHB Ralph Monti 0-0: Ground out 2-3 (Groundball, 2R, EV 71.9 MPH)
Bottom of the 2nd over - 0 runs, 0 hits, 0 errors, 1 left on base; Lansing 0 - Lake County 0
TOP OF THE 3RD
Lansing Lugnuts batting - Pitching for Lake County Captains : RHP Steve Ardan
Batting: RHB Jesse Silbert 0-0: Ball
1-0: Ball
2-0: Ball
3-0: Called Strike
3-1: Swinging Strike
3-2: Strikes out swinging
Batting: RHB Travis St. Pierre 0-0: Foul Ball, location: 2F
0-1: Swinging Strike
0-2: Ball
1-2: Fly out, F9 (Flyball, 89M, EV 95.6 MPH)
Batting: LHB Hugh McPhearson 0-0: Ball
1-0: Called Strike
1-1: Ball
2-1: Ball
3-1: Swinging Strike
3-2: Foul Ball, location: 9LMF
3-2: Foul Ball, location: 7LMF
3-2: Base on Balls
Batting: SHB Miguel Dominguez 0-0: Called Strike
0-1: Swinging Strike
0-2: Ball
Wild Pitch!
Hugh McPhearson to second
1-2: Ball
2-2: Fly out, F8 (Flyball, 8RD, EV 98.1 MPH)
Top of the 3rd over - 0 runs, 0 hits, 0 errors, 1 left on base; Lansing 0 - Lake County 0
BOTTOM OF THE 3RD
Lake County Captains batting - Pitching for Lansing Lugnuts : RHP Tim Dorsey
Batting: RHB Jerry Alvarado 0-0: Ball
1-0: Foul Ball, location: 2F
1-1: Called Strike
1-2: Fly out, F8 (Flyball, 8RD, EV 108.1 MPH)
Batting: RHB Alex Avitia 0-0: Ball
1-0: Ball
2-0: DOUBLE (Line Drive, 7LS, EV 93.8 MPH)
Batting: RHB Justin Stevenson 0-0: Ball
1-0: Called Strike
1-1: Ball
2-1: Foul Ball, location: 2F
2-2: Strikes out swinging
Batting: SHB Collin Hays 0-0: Ground out U3 (Groundball, 3, EV 83.1 MPH)
Bottom of the 3rd over - 0 runs, 1 hit, 0 errors, 1 left on base; Lansing 0 - Lake County 0
TOP OF THE 4TH
Lansing Lugnuts batting - Pitching for Lake County Captains : RHP Steve Ardan
Batting: LHB Jon Kuduk 0-0: Ball
1-0: Ground out 5-3 (Groundball, 56S, EV 90.6 MPH)
Batting: RHB Jason McLaughlin 0-0: Foul Ball, location: 5SF
0-1: SINGLE (Line Drive, 89S, EV 102.5 MPH)
Batting: LHB Danny Crane 0-0: Foul Ball, location: 7LSF
0-1: 2-RUN HOME RUN (Flyball, 9D, EV 96.3 MPH), Distance : 375 ft
Batting: RHB Angel Contreras 0-0: Ball
1-0: Ball
2-0: Called Strike
2-1: Ground out 5-3 (Groundball, 56S, EV 81.3 MPH)
Batting: LHB Alex Rangel 0-0: Ball
1-0: Ball
2-0: Ball
3-0: Called Strike
3-1: Swinging Strike
3-2: Ground out 6-3 (Groundball, 6M, EV 90.6 MPH)
Top of the 4th over - 2 runs, 2 hits, 0 errors, 0 left on base; Lansing 2 - Lake County 0
BOTTOM OF THE 4TH
Lake County Captains batting - Pitching for Lansing Lugnuts : RHP Tim Dorsey
Batting: LHB Max Schmidt 0-0: Ball
1-0: Called Strike
1-1: Ground out U3 (Groundball, 34S, EV 58.8 MPH)
Batting: RHB Wayne Davis 0-0: Foul Ball, location: 2F
0-1: Called Strike
0-2: Ball
1-2: Ball
2-2: Ball
3-2: Fly out, F3 (Popup, 3SF, EV 74.4 MPH)
Batting: RHB Izzy Franco 0-0: Ball
1-0: SINGLE (Groundball, 6MD, EV 102.5 MPH)
Batting: RHB Jesus Sanchez 0-0: Ball
1-0: Swinging Strike
1-1: Ground out U3 (Groundball, 34, EV 110.6 MPH)
Bottom of the 4th over - 0 runs, 1 hit, 0 errors, 1 left on base; Lansing 2 - Lake County 0
TOP OF THE 5TH
Lansing Lugnuts batting - Pitching for Lake County Captains : RHP Steve Ardan
Batting: RHB Jesse Silbert 0-0: Called Strike
0-1: Foul Ball, location: 2F
0-2: Foul Ball, location: 2F
0-2: Strikes out looking
Batting: RHB Travis St. Pierre 0-0: SINGLE (Line Drive, 9S, EV 98.1 MPH)
Batting: LHB Hugh McPhearson 0-0: Swinging Strike
0-1: Called Strike
0-2: Fly out, F5 (Line Drive, 5, EV 68.8 MPH)
Batting: SHB Miguel Dominguez 0-0: Foul Ball, location: 2F
0-1: Ground out 4-3 (Groundball, 34D, EV 101.3 MPH)
Top of the 5th over - 0 runs, 1 hit, 0 errors, 1 left on base; Lansing 2 - Lake County 0
BOTTOM OF THE 5TH
Lake County Captains batting - Pitching for Lansing Lugnuts : RHP Tim Dorsey
Batting: RHB Ralph Monti 0-0: Ball
1-0: Called Strike
1-1: SINGLE (Groundball, 34D, EV 100.0 MPH)
Batting: RHB Jerry Alvarado
Pinch Hitting: LHB Matt Beard 0-0: Called Strike
Ralph Monti is caught stealing 2nd base 2-6
0-1: Foul Ball, location: 3DF
0-2: Strikes out swinging
Batting: RHB Alex Avitia 0-0: Ball
1-0: Called Strike
1-1: Ball
2-1: Swinging Strike
2-2: Ball
3-2: SINGLE (Flyball, 56D, EV 88.8 MPH)
Batting: RHB Justin Stevenson 0-0: Ball
1-0: Called Strike
1-1: DOUBLE (Flyball, 78XD, EV 98.8 MPH)
Alex Avitia to third
Batting: SHB Collin Hays 0-0: Called Strike
0-1: Foul Ball, location: 2F
0-2: Ball
1-2: Strikes out swinging
Bottom of the 5th over - 0 runs, 3 hits, 0 errors, 2 left on base; Lansing 2 - Lake County 0
TOP OF THE 6TH
Lansing Lugnuts batting - Pitching for Lake County Captains : RHP Steve Ardan
Now at 2B: Matt Beard
Now at SS: Alex Avitia
Batting: LHB Jon Kuduk 0-0: Swinging Strike
0-1: Called Strike
0-2: Ground out U3 (Groundball, 3, EV 84.4 MPH)
Batting: RHB Jason McLaughlin 0-0: Ball
1-0: Ball
2-0: Ball
3-0: Swinging Strike
3-1: Ground out 5-3 (Groundball, 56S, EV 73.1 MPH)
Batting: LHB Danny Crane 0-0: Ground out 5-3 (Groundball, 56, EV 86.3 MPH)
Top of the 6th over - 0 runs, 0 hits, 0 errors, 0 left on base; Lansing 2 - Lake County 0
BOTTOM OF THE 6TH
Lake County Captains batting - Pitching for Lansing Lugnuts : RHP Tim Dorsey
Batting: LHB Max Schmidt 0-0: Ball
1-0: Ball
2-0: SINGLE (Groundball, 34D, EV 103.1 MPH)
Batting: RHB Wayne Davis 0-0: Foul Ball, location: 5DF
0-1: Ball
1-1: Ball
2-1: Fielders Choice at 2nd, 6-4 (Groundball, 6MD, EV 95.6 MPH)
Batting: RHB Izzy Franco 0-0: Ball
1-0: Ball
2-0: Fly out, F7 (Flyball, 78M, EV 85.6 MPH)
Batting: RHB Jesus Sanchez 0-0: Called Strike
0-1: Ball
1-1: Ball
2-1: Ball
3-1: Ground out 5-3 (Groundball, 56, EV 107.5 MPH)
Bottom of the 6th over - 0 runs, 1 hit, 0 errors, 1 left on base; Lansing 2 - Lake County 0
TOP OF THE 7TH
Lansing Lugnuts batting - Pitching for Lake County Captains : RHP Steve Ardan
Batting: RHB Angel Contreras 0-0: Ball
1-0: Called Strike
1-1: DOUBLE (Flyball, 89D, EV 109.4 MPH)
Batting: LHB Alex Rangel 0-0: Called Strike
0-1: Ball
1-1: Called Strike
1-2: Foul Ball, location: 9LMFF
1-2: Foul Ball, location: 7LSF
1-2: Ball
2-2: Ball
3-2: Foul Ball, location: 25FF
3-2: Foul Ball, location: 9LSF
3-2: Base on Balls
Batting: RHB Jesse Silbert 0-0: Ball
1-0: Ball
2-0: Foul Ball, location: 3F
2-1: Foul Ball, location: 3SF
2-2: Strikes out swinging
Batting: RHB Travis St. Pierre 0-0: Called Strike
0-1: Swinging Strike
Balk!
Angel Contreras to third
Alex Rangel to second
0-2: Foul Ball, location: 3FF
0-2: Strikes out swinging
Batting: LHB Hugh McPhearson 0-0: Ball
1-0: Ball
2-0: Called Strike
2-1: Foul Ball, location: 7LSF
2-2: Fly out, F5 (Popup, 56S, EV 64.4 MPH)
Top of the 7th over - 0 runs, 1 hit, 0 errors, 2 left on base; Lansing 2 - Lake County 0
BOTTOM OF THE 7TH
Lake County Captains batting - Pitching for Lansing Lugnuts : RHP Tim Dorsey
Batting: RHB Ralph Monti 0-0: Ball
1-0: Foul Ball, location: 25F
1-1: Swinging Strike
1-2: Ball
2-2: Fly out, F8 (Flyball, 8LD, EV 101.9 MPH)
Pitching: LHP Evan Jennings
Pinch Hitting: RHB Manny Reyes 0-0: Fly out, F8 (Line Drive, 8LXD, EV 85.0 MPH)
Pitching: RHP Jon Wainio
Batting: RHB Alex Avitia 0-0: Ball
1-0: Ball
2-0: Ground out 4-3 (Groundball, 4D, EV 96.3 MPH)
Bottom of the 7th over - 0 runs, 0 hits, 0 errors, 0 left on base; Lansing 2 - Lake County 0
TOP OF THE 8TH
Lansing Lugnuts batting - Pitching for Lake County Captains : RHP Steve Ardan
Now at 2B: Josh Gillard
Batting: SHB Miguel Dominguez 0-0: Ball
1-0: Ball
2-0: Ball
3-0: Called Strike
3-1: Swinging Strike
3-2: Foul Ball, location: 2F
3-2: Foul Ball, location: 3F
3-2: Foul Ball, location: 3SF
3-2: Strikes out swinging
Batting: LHB Jon Kuduk 0-0: Ball
1-0: Foul Ball, location: 2F
1-1: Fly out, F8 (Flyball, 89M, EV 95.0 MPH)
Batting: RHB Jason McLaughlin 0-0: Ground out 1-3 (Groundball, P, EV 73.8 MPH)
Top of the 8th over - 0 runs, 0 hits, 0 errors, 0 left on base; Lansing 2 - Lake County 0
BOTTOM OF THE 8TH
Lake County Captains batting - Pitching for Lansing Lugnuts : RHP Jon Wainio
Pitching: RHP Justin Forsythe
Batting: RHB Justin Stevenson 0-0: Ball
1-0: Fly out, F8 (Flyball, 8LD, EV 92.5 MPH)
Batting: SHB Collin Hays 0-0: Ball
1-0: SINGLE (Flyball, 56D, EV 90.0 MPH)
Batting: LHB Max Schmidt 0-0: Ball
1-0: Ball
2-0: Called Strike
2-1: 2-RUN HOME RUN (Flyball, 9D, EV 100.6 MPH), Distance : 374 ft
Batting: RHB Wayne Davis 0-0: Ball
1-0: Foul Ball, location: 2F
1-1: Called Strike
1-2: Ball
2-2: Ball
3-2: Strikes out swinging
Pinch Hitting: LHB Sam Klooster 0-0: Ball
1-0: Called Strike
1-1: Ball
2-1: Fly out, F7 (Flyball, 7, EV 93.1 MPH)
Bottom of the 8th over - 2 runs, 2 hits, 0 errors, 0 left on base; Lansing 2 - Lake County 2
TOP OF THE 9TH
Lansing Lugnuts batting - Pitching for Lake County Captains : RHP Steve Ardan
Now at C: Chad Black
Batting: LHB Danny Crane 0-0: Called Strike
0-1: Swinging Strike
0-2: Foul Ball, location: 7LSF
0-2: Foul Ball, location: 9LMFF
0-2: Strikes out swinging
Batting: RHB Angel Contreras 0-0: Ball
1-0: Called Strike
1-1: Ground out 5-3 (Groundball, 56, EV 99.4 MPH)
Batting: LHB Alex Rangel 0-0: SINGLE (Groundball, 56S, EV 64.4 MPH) (infield hit)
Batting: RHB Jesse Silbert 0-0: Ball
1-0: Ball
2-0: Ball
3-0: Called Strike
3-1: Foul Ball, location: 7LMF
3-2: SINGLE (Groundball, 34S, EV 63.1 MPH) (infield hit)
Alex Rangel to second
Pinch Hitting: LHB Danny Valenzuelo 0-0: Called Strike
0-1: Foul Ball, location: 2LF
0-2: SINGLE (Line Drive, 8LS, EV 98.1 MPH)
Alex Rangel to third
Jesse Silbert to second
Runner from 3rd tries for Home, SAFE, throw by CF to home
Batting: LHB Hugh McPhearson 0-0: Foul Ball, location: 2F
0-1: DOUBLE (Groundball, 3L, EV 110.0 MPH)
Jesse Silbert scores
Danny Valenzuelo to third
Batting: SHB Miguel Dominguez 0-0: Foul Ball, location: 2F
0-1: Ball
1-1: Ball
2-1: Ground out 4-3 (Groundball, 4, EV 87.5 MPH)
Top of the 9th over - 2 runs, 4 hits, 0 errors, 2 left on base; Lansing 4 - Lake County 2
BOTTOM OF THE 9TH
Lake County Captains batting - Pitching for Lansing Lugnuts : RHP Justin Forsythe
Now at C: Ryan Humphreys
Now at 1B: Dave Bautista
Batting: RHB Jesus Sanchez 0-0: Ball
1-0: Swinging Strike
1-1: Fly out, F6 (Line Drive, 6, EV 70.0 MPH)
Batting: RHB Ralph Monti 0-0: Called Strike
0-1: Foul Ball, location: 9LSF
0-2: Foul Ball, location: 2F
0-2: SINGLE (Flyball, 8RS, EV 101.9 MPH)
Batting: RHB Josh Gillard 0-0: Called Strike
0-1: Foul Ball, location: 2F
0-2: Ball
1-2: Strikes out swinging
Batting: RHB Alex Avitia 0-0: Called Strike
0-1: Ground out 4-3 (Groundball, 34, EV 108.8 MPH)
Bottom of the 9th over - 0 runs, 1 hit, 0 errors, 1 left on base; Lansing 4 - Lake County 2
Wednesday, May 15th , 2024 - OOTP Baseball 24.11 Build 85